 Dungeon Crawl Stone Soup version 0.31-a0-986-g5e6e4ef867 (webtiles) character file.

Game seed: 16296507333582804483

74 pokeman the Magician (level 4, 0/25 HPs)
             Began as a Deep Elf Hedge Wizard on Nov 16, 2023.
             Slain by an orc wizard
             ... wielding a +0 dagger
              (3 damage)
             ... on level 3 of the Dungeon.
             The game lasted 00:03:20 (2542 turns).

pokeman the Magician (Deep Elf Hedge Wizard)        Turns: 2542, Time: 00:03:22

Health: 0/25       AC:  6    Str:  7    XL:     4   Next: 9%
Magic:  3/13       EV: 12    Int: 24    God:
Gold:   131        SH:  0    Dex: 14    Spells: 6/14 levels left

rFire   . . .        k - +0 dagger (flame)
rCold   . . .        (no shield)
rNeg    . . .        a - +3 leather armour of Fun and Games {Int+3 Stlth+}
rPois   .            c - +0 hat
rElec   .            (no cloak)
rCorr   .            (no gloves)
SInv    .            (no boots)
Will    .....        (no amulet)
Stlth   ++           (no ring)
HPRegen 0.24/turn    (no ring)
MPRegen 0.13/turn

%: no passive effects
@: confused, lethally poisoned (0 -> -10)
A: no striking features
a: no special abilities


You were on level 3 of the Dungeon.
You visited 1 branch of the dungeon, and saw 3 of its levels.

You collected 131 gold pieces.

Inventory:

Hand Weapons
 k - a +0 dagger of flaming (weapon)
Armour
 a - the +3 leather armour of Fun and Games (worn) {Int+3 Stlth+}
   (You found it on level 2 of the Dungeon)

   Int+3:     It affects your intelligence (+3).
   Stlth+:    It makes you more stealthy.
 c - a +0 hat (worn)
 g - a +0 kite shield
Magical Staves
 h - a staff of conjuration
Wands
 b - a wand of charming (5)
Scrolls
 e - 2 scrolls of amnesia {unknown}
 j - 2 scrolls of fear {unknown}
Potions
 d - 2 potions of magic
 f - a potion of haste {unknown}
 i - a potion of invisibility {unknown}
 l - a potion of enlightenment {unknown}


   Skills:
 - Level 1.0 Fighting
 - Level 1.0 Armour
 + Level 2.6 Dodging
 - Level 2.4 Stealth
 + Level 0.3 Shields
 * Level 5.5 Spellcasting
 + Level 2.1 Conjurations
 - Level 1.1 Summonings
 - Level 1.1 Translocations


You had 6 spell levels left.
You knew the following spells:

 Your Spells              Type           Power      Damage    Failure   Level
a - Magic Dart            Conj           64%        1d6       4%          1
b - Mephitic Cloud        Conj/Pois/Air  10%        N/A       26%         3
c - Call Imp              Summ           22%        N/A       12%         2
d - Blink                 Tloc           22%        N/A       12%         2

Your spell library contained the following spells:

 Spells                   Type           Power      Damage    Failure   Level
 Apportation              Tloc           22%        N/A       8%          1
 Summon Small Mammal      Summ           44%        N/A       8%          1
 Necrotise                Necr           24%        1d5       12%         1
 Slow                     Hex            24%        N/A       12%         1
 Cigotuvi's Dreadful Rot  Necr/Pois/Air  12%        N/A       19%         2


Dungeon Overview and Level Annotations

Branches:
Dungeon (3/15)

Altars:


Message History

Press: ? - help, Shift-Dir - straight line, f/p - hobgoblin
Aim: a hobgoblin (heavily wounded, 100% to hit)
The magic dart hits the hobgoblin.
The hobgoblin is severely wounded.
The orc wizard shouts!
You feel sick. The hobgoblin hits you.
The orc wizard hits you with a +2 dagger of venom.
You are more poisoned.
You feel very sick.
A bat comes into view.
The hobgoblin hits you but does no damage.
The orc wizard points at you and mumbles some strange words.
You resist with some effort.
You feel sick.
The hobgoblin hits you but does no damage.
The orc wizard hits the hobgoblin with a +2 dagger of venom.
The hobgoblin is killed!
You feel sick. The orc wizard casts a spell at you. The puff of flame hits you.
The bat closely misses you.
You feel sick. The bat barely misses you.
The orc wizard hits the orc with a +2 dagger of venom.
The orc is poisoned.
The orc wizard points at you and mumbles some strange words.
You are confused.
You bump into the rock wall.
You feel sick. The bat barely misses you.
You feel sick. The bat hits you but does no damage.
The orc wizard hits you with a +2 dagger of venom.
* * * LOW HITPOINT WARNING * * *
You are lethally poisoned!
The orc wizard hits you but does no damage.
Unknown command.
* * * LOW HITPOINT WARNING * * *
You feel very sick. The bat hits you.
* * * LOW HITPOINT WARNING * * *
The orc wizard closely misses the orc wizard.
The orc wizard attacks as it pursues you!
The orc wizard hits you with a +0 dagger.
You die...

...>.....#......
#............... ####.
#.......######## .#...
#<......###########....#
#.........)oo)..........
#.##.##.#######†o......^
. ... #..# #o........
..## ##.## #boo...... .
#..# #.@.......
##.#####..#.#####
#.......##.# ##.#.#####
.# #####..#...#
####.....######
..##.#######
........>..#
.....######♣


You could see 2 orc wizards, 2 orcs and a bat.

Vanquished Creatures
  2 adders
  3 worms
  A dart slug (D:2)
  2 orcs (D:3)
  3 endoplasms
  A giant cockroach (D:1)
  4 hobgoblins
  3 jackals (D:2)
  A quokka (D:2)
  4 ball pythons
  5 bats
  2 frilled lizards
  3 goblins
  3 kobolds
  7 rats
44 creatures vanquished.

Notes
Turn   | Place    | Note
-------+----------+-------------------------------------------
     0 | D:1      | pokeman the Deep Elf Hedge Wizard began the quest for the
                  | Orb.
     0 | D:1      | Reached XP level 1. HP: 10/10 MP: 7/7
   490 | D:1      | Reached XP level 2. HP: 15/15 MP: 7/9
  1160 | D:1      | You fall into a shaft and drop 1 floor!
  1273 | D:2      | Reached skill level 5 in Spellcasting
  1371 | D:2      | Reached XP level 3. HP: 13/20 MP: 5/11
  1375 | D:2      | Learned a level 3 spell: Mephitic Cloud
  1378 | D:2      | Learned a level 2 spell: Call Imp
  1381 | D:2      | Learned a level 2 spell: Blink
  1602 | D:2      | Identified the +3 leather armour of Fun and Games {Int+3
                  | Stlth+}
  1637 | D:2      | Reached skill level 1 in Armour
  2022 | D:2      | Reached skill level 1 in Fighting
  2471 | D:3      | Reached XP level 4. HP: 25/25 MP: 11/13
  2542 | D:3      | Slain by an orc wizard

Illustrated notes

Levels and vault maps discovered:
D:1:      wander_arrival_chamber, layout_basic
D:2:      layout_loops_ring, serial_forest, infiniplex_forest_lined_room_3,
          infiniplex_forest_end_double, infiniplex_forest_clump_medium,
          infiniplex_forest_clump_small, infiniplex_forest_lined_2,
          infiniplex_forest_end_1
D:3:      layout_rooms, elyvilon_altar_3, mainiacjoe_overflow_24_doors,
          mainiacjoe_overflow_alcove_2, minmay_misc_feat_ornament, uniq_grinder

Skill      XL: |  1  2  3 |
---------------+----------+-----
Spellcasting   | 5 |  5.5
Armour         | 1 |  1.0
Fighting       | 1 |  1.0
Conjurations   | 2 |  2.1
Dodging        | |  2.6
Stealth        | |  2.4
Shields        | |  0.3
Summonings     | |  1.1
Translocations | |  1.1

Action                     |  1- 3 |  4- 6 || total
---------------------------+-------+-------++-------
  Melee: Dagger            |    18 |     8 ||    26
   Cast: Magic Dart        |    87 |     8 ||    95
         Mephitic Cloud    |     2 |     1 ||     3
         Call Imp          |       |     1 ||     1
   Stab: Confused          |     3 |       ||     3
 Armour: Robe              |    17 |       ||    17
         Leather armour    |       |    13 ||    13
  Dodge: Dodged            |    24 |     9 ||    33

Table legend: (Time is in decaauts)
 A = Elapsed time spent in this place.
 B = Non-inter-level travel time spent in this place.
 C = Inter-level travel time spent in this place.
 D = Time resting spent in this place.
 E = Time spent auto-exploring this place.
 F = Levels seen in this place.
 G = Mean time per level.
                   A        B        C        D        E       F      G
               +--------+--------+--------+--------+--------+-----+--------+
         Total |   2541 |   2528 |     13 |      3 |   2251 |   3 |  847.0 |
       Dungeon |   2541 |   2528 |     13 |      3 |   2251 |   3 |  847.0 |
               +--------+--------+--------+--------+--------+-----+--------+

Top non-repeatable levels by time:
     D:1: 1160 daAuts
     D:2: 1135 daAuts
     D:3: 245 daAuts
